cohdb
Replays
Latest Replays
All Replays
Popular Replays
Top Player Replays
Match Explorer
How It Works
Community
CoH3 Stats
Reddit
Sign in to upload your games and track your stats! →
Sign in with Steam
Match 42557768
Unlisted
Match 42557768
Overview
Messages
Build Orders
End
Kradschützen Motorcycle Team
Panzergrenadier Squad
Selects Panzerjäger Kommand Battlegroup
Selects Mine Fields
Panzergrenadier Squad
Panzergrenadier Squad
Construct Light Support Kompanie
2.5-tonne Medical Truck
Panzerpioneer Squad
Fire Support Elements
Selects Defensive Positions
Selects Butterfly Bomb Drop
Butterfly Bomb Drop
Construct Panzerarmee Kommand
Pak 38 Mechanized Group
Selects Tank Busters
Panzer III L Medium Tank
2.5-tonne Medical Truck
Panzer III L Medium Tank
Walking Stuka Rocket Launcher
Butterfly Bomb Drop
Veteran Squad Leaders
Selects Crew Shock Tactics
Selects Anti-tank Overwatch
Armored Reserves
Butterfly Bomb Drop
Tiger Heavy Tank
Vehicle Survival Package
Tungsten Core Ammunition
Butterfly Bomb Drop
R.U.C
Team saupiquet
Kyp Durron
NaseMabi
0
0
Comments
sign in to comment!
No comments posted yet!